 Dungeon Crawl Stone Soup version 0.21-a0-528-gf531e82 (webtiles) character file.

4833 Firecrotchwizard the Fighter (level 10, -1/111 HPs)
             Began as an Ogre Berserker on Dec 8, 2017.
             Was an Elder of Trog.
             Slain by a yak (11 damage)
             ... on level 8 of the Dungeon.
             The game lasted 00:23:03 (7273 turns).

Firecrotchwizard the Fighter (Ogre Berserker)       Turns: 7273, Time: 00:23:04

Health: -1/111     AC:  8    Str: 23    XL:     10   Next: 49%
Magic:  10/10      EV: 13    Int:  8    God:    Trog [****..]
Gold:   562        SH:  0    Dex: 11    Spells: 9/9 levels left

rFire    . . .     SeeInvis .   s - +2 mace (drain)
rCold    + . .     Gourm    .   (no shield)
rNeg     . . .     Faith    .   d - +2 robe {rC+}
rPois    +         Spirit   .   (helmet restricted)
rElec    .         Reflect  .   x - +2 cloak
rCorr    .         Harm     .   (gloves unavailable)
MR       +++..                  (boots unavailable)
Stlth    ++........             (no amulet)
HPRegen  1.28/turn              w - ring of stealth {Stlth+}
MPRegen  0.12/turn              a - ring of poison resistance {rPois, !d}

@: regenerating
A: large, unfitting armour, tough skin 1
a: Berserk, Trog's Hand, Brothers in Arms, Burn Spellbooks, Renounce Religion


You were on level 8 of the Dungeon.
You worshipped Trog.
Trog was greatly pleased with you.
You were very hungry.

You visited 1 branch of the dungeon, and saw 9 of its levels.

You collected 562 gold pieces.

Inventory:

Hand Weapons
 s - a +2 mace of draining (weapon)
   (You found it on level 2 of the Dungeon)
 y - a +0 giant spiked club
   (You took it off an ogre on level 6 of the Dungeon)
 F - a +0 giant club
   (You took it off an ogre on level 7 of the Dungeon)
Missiles
 f - 8 large rocks (quivered) {!d}
Armour
 d - a +2 robe of cold resistance (worn)
   (You took it off an orc wizard on level 5 of the Dungeon)
 x - a +2 cloak (worn)
   (You found it on level 3 of the Dungeon)
Jewellery
 a - a ring of poison resistance (right hand) {rPois, !d}
   (You took it off an orc on level 3 of the Dungeon)
 w - a ring of stealth (left hand) {Stlth+}
   (You found it on level 3 of the Dungeon)
Wands
 n - a wand of flame (28)
   (You found it on level 3 of the Dungeon)
 B - a wand of acid (4)
   (You found it on level 4 of the Dungeon)
 C - a wand of disintegration (10)
   (You found it on level 5 of the Dungeon)
Scrolls
 b - 2 scrolls of teleportation
 e - 3 scrolls of identify
 g - 3 scrolls of remove curse
 o - 3 scrolls of magic mapping {!r}
 t - a scroll of immolation {unknown}
 A - 2 scrolls of fog
 E - a scroll of enchant armour
 G - a scroll of amnesia {unknown}
 I - a scroll of torment {unknown}
Potions
 h - a potion of cancellation {unknown}
 i - 2 potions of brilliance
 j - 3 potions of berserk rage {unknown}
 k - a potion of haste
 m - a potion of mutation {unknown}
 p - a potion of invisibility {unknown}
 q - 3 potions of flight
 u - 2 potions of curing
 v - a potion of degeneration {unknown}
 z - a potion of resistance
 D - a potion of ambrosia {unknown}
 H - a potion of heal wounds {unknown}
Comestibles
 c - 4 bread rations {@e1}
 l - 8 fruits


   Skills:
 + Level 10.4 Fighting
 * Level 10.1 Maces & Flails
 + Level 2.0 Throwing
 + Level 7.4 Dodging


You had 9 spell levels left.
You didn't know any spells.

Dungeon Overview and Level Annotations

Branches:
Dungeon (9/15)             Temple (0/1) D:6
   Lair: D:8-11         Orc: D:9-12

Altars:
Dithmenos
Elyvilon
Fedhas
Hepliaklqana
Makhleb
Uskayaw
Wu Jian
Xom
Yredelemnul

Shops:
D:6 ?

Annotations:
D:2 1 runed door
D:4 xfalz's ghost, amateur TrBe
D:5 exclusion: 4 slaves, Edmund
D:7 exclusion: 4 hogs
D:8 exclusion: wolf, Grum
D:9 Erolcha


Innate Abilities, Weirdness & Mutations

You are too large for most types of armour.
You have tough skin. (AC +1)


Message History

Trog accepts your kill.
Things that are here:
a short sword; a leather armour
Things that are here:
a short sword; a leather armour You are feeling hungry.
You may need something to eat soon, looking for food.
Can't find anything matching that.
Okay, then.
There is an open door here.
There is an open door here.
The wolf is too close now for your liking.
You can't see that place. [the floor.] Partly explored, can't reach some places.
Partly explored, can't reach some places.
(D) Dungeon (T) Temple
Where to? (Enter - D:8, ? - help)
There is an open door here.
As you open the door, it creaks loudly!
There is an open door here.
There is an escape hatch in the floor here.
There is a stone staircase leading down here.
You climb downwards.
Found two stone staircases leading up.
There is a stone staircase leading up here.
As you open the gate, it creaks loudly!
Erolcha the Cunning comes into view.
She is wielding a giant spiked club.
Erolcha shouts!
A bullfrog comes into view.
Your skin crawls.
You feel resistant to hostile enchantments.
You feel somewhat more hungry.
Erolcha points at you and mumbles some strange words.
The crystal spear hits you!
An electric eel comes into view.
You take 53 damage, and have 58/111 hp.
MASSIVE DAMAGE!!
A yak and a black bear come into view.
The black bear growls angrily.
Erolcha casts a spell at you. The crystal spear hits you!
* * * LOW HITPOINT WARNING * * *
There is an open gate, spattered with blood here.
You take 52 damage, and have 6/111 hp.
MASSIVE DAMAGE!!
You hit Erolcha. Erolcha closely misses you. The bullfrog misses you.
You sock Erolcha! The bullfrog misses you.
Erolcha points at you and mumbles some strange words.
You resist with almost no effort.
You feel better.
The bullfrog hits you but does no damage.
The electric eel shoots out a bolt of lightning at you!
The bolt of electricity hits you!
* * * LOW HITPOINT WARNING * * *
The bullfrog hits you but does no damage.
Erolcha barely misses you.
You take 3 damage, and have 5/111 hp.
You feel better. The bullfrog barely misses you.
The electric eel shoots out a bolt of lightning at you!
The bolt of electricity hits you!
* * * LOW HITPOINT WARNING * * *
You take 1 damage, and have 4/111 hp.
Your black bear goes berserk!
You are feeling very hungry.
The bullfrog barely misses you. Erolcha barely misses you.
The bullfrog hits you but does no damage.
You regained 2 hp, and now have 6/111 hp.
Your black bear bites the bullfrog.
Your black bear claws the bullfrog.
Your black bear closely misses the bullfrog.
Erolcha hits your black bear with a giant spiked club!
The bullfrog closely misses you.
Your black bear bites Erolcha.
Your black bear claws Erolcha.
Your black bear claws Erolcha but does no damage.
Your black bear bites Erolcha but does no damage.
Your black bear claws Erolcha.
Your black bear claws Erolcha but does no damage.
The black bear bites your black bear. The black bear misses your black bear.
The black bear claws your black bear.
There is a stone staircase leading up here.
The bullfrog misses you.
Your black bear bites the black bear.
Your black bear claws the black bear.
Your black bear closely misses the black bear.
The yak snorts and paws the ground.
The yak gores you but does no damage. The black bear bites your black bear.
The black bear closely misses your black bear.
The black bear claws your black bear but does no damage.
The bullfrog hits you.
* * * LOW HITPOINT WARNING * * *
Your black bear barely misses the black bear.
Your black bear claws the black bear. x2
You climb upwards.
Level annotation: exclusion: wolf, Grum
There is a stone staircase leading down here.
You feel better.
You feel the effects of Trog's Hand fading.
The bullfrog hits you!
* * * LOW HITPOINT WARNING * * *
The yak gores you!
You die...

.#
#.##...........##.#.#########
##
#.#####.##†###.##..#.(......[
#.......##.# #......#########
##########.######.###
#........# ########.#
######.#### #Y.......|#
#@####..#.# ### #F#
##..#.#####
##.###.###.........# ##
#........#...#.###.# .#
##.###.#.......# #.# .# #.#
#.........# #.# )# #.#
######.#### #.# .# #.# #.#
####.### .# #^# #.# #......##


You could see a yak and a bullfrog.

Vanquished Creatures
  2 two-headed ogres (D:8)
  A cyclops (D:7)
  Grinder (D:5)
  2 hungry ghosts
  Menkaure (D:6)
  A sky beast (D:8)
  An ice beast (D:6)
  2 black bears
  A phantom (D:4)
  6 ogres
  A wolf (D:8)
  4 centaurs
  2 bullfrogs (D:6)
  A scorpion (D:4)
  A howler monkey (D:6)
  A bullfrog zombie (D:8)
  6 crimson imps
  3 hounds
  3 bullfrog skeletons
  A jelly (D:6)
  2 orc priests (D:5)
  2 orc wizards (D:5)
  Jessica (D:2)
  4 iguanas
  5 worker ants
  2 hound skeletons
  2 howler monkey skeletons
  8 adders
  2 shadow imps
  An ooze (D:1)
  An adder zombie (D:6)
  2 dart slugs
  6 leopard geckos
  36 orcs
  6 bats
  4 giant cockroaches
  6 goblins
  7 hobgoblins
  6 jackals
  14 kobolds
  4 quokkas
  A ball python (D:3)
  6 frilled lizards
  A quokka zombie (D:8)
  10 rats
180 creatures vanquished.

Notes
Turn   | Place    | Note
-------+----------+-------------------------------------------
     0 | D:1      | Firecrotchwizard the Ogre Berserker began the quest for the Orb.
     0 | D:1      | Reached XP level 1. HP: 24/24 MP: 1/1
    48 | D:1      | Reached skill level 3 in Maces & Flails
    48 | D:1      | Reached XP level 2. HP: 30/32 MP: 2/2
   317 | D:1      | Reached XP level 3. HP: 40/40 MP: 3/3
   318 | D:1      | Reached skill level 3 in Dodging
   361 | D:1      | Reached ** piety under Trog
  1085 | D:2      | Noticed Jessica
  1104 | D:2      | Killed Jessica
  1104 | D:2      | Reached XP level 4. HP: 46/49 MP: 4/4
  1152 | D:2      | Found a shadowy altar of Dithmenos.
  1194 | D:2      | Found a runed door.
  1697 | D:3      | Reached skill level 4 in Maces & Flails
  1720 | D:3      | Reached skill level 5 in Fighting
  1787 | D:3      | Reached XP level 5. HP: 57/57 MP: 5/5
  1895 | D:3      | Reached *** piety under Trog
  2228 | D:4      | Reached XP level 6. HP: 54/66 MP: 6/6
  2295 | D:4      | Noticed a phantom
  2335 | D:4      | Killed a phantom
  2457 | D:4      | Reached skill level 5 in Maces & Flails
  2629 | D:4      | Reached skill level 4 in Dodging
  2719 | D:4      | Found a burning altar of Makhleb.
  2773 | D:4      | Noticed xfalz's ghost (amateur TrBe)
  2776 | D:4      | HP: 11/67 [xfalz's ghost (6)]
  3040 | D:5      | Entered Level 5 of the Dungeon
  3121 | D:5      | Found a hide-covered altar of Uskayaw.
  3138 | D:5      | Reached skill level 6 in Fighting
  3220 | D:5      | Reached XP level 7. HP: 60/75 MP: 7/7
  3356 | D:5      | Noticed Edmund
  3618 | D:5      | Found a white marble altar of Elyvilon.
  3694 | D:5      | Reached **** piety under Trog
  3832 | D:5      | Noticed Grinder
  3883 | D:5      | Killed Grinder
  3883 | D:5      | Reached skill level 6 in Maces & Flails
  4172 | D:5      | Reached skill level 7 in Fighting
  4172 | D:5      | Reached XP level 8. HP: 87/87 MP: 8/8
  4721 | D:6      | Reached skill level 5 in Dodging
  4726 | D:6      | Found a blossoming altar of Fedhas.
  4726 | D:6      | Found an ornate altar of the Wu Jian Council.
  4898 | D:6      | Reached skill level 7 in Maces & Flails
  4929 | D:6      | Noticed Menkaure
  4938 | D:6      | Killed Menkaure
  4994 | D:6      | Reached skill level 8 in Fighting
  5087 | D:6      | Found Liohip's Magic Scroll Shop.
  5164 | D:6      | Reached XP level 9. HP: 97/97 MP: 9/9
  5190 | D:6      | Found a staircase to the Ecumenical Temple.
  5333 | D:7      | Reached skill level 8 in Maces & Flails
  5457 | D:7      | Reached skill level 6 in Dodging
  5473 | D:7      | Got an encrusted spear
  5547 | D:7      | Noticed a cyclops
  5564 | D:7      | Killed a cyclops
  5564 | D:7      | Reached skill level 9 in Fighting
  5807 | D:7      | Found a shimmering altar of Xom.
  5808 | D:7      | Found a hazy altar of Hepliaklqana.
  5809 | D:7      | Noticed a spectral ugly thing
  6221 | D:8      | Reached skill level 9 in Maces & Flails
  6471 | D:8      | Noticed a two-headed ogre
  6476 | D:8      | Killed a two-headed ogre
  6476 | D:8      | Reached skill level 10 in Fighting
  6476 | D:8      | Reached skill level 7 in Dodging
  6476 | D:8      | Reached XP level 10. HP: 107/110 MP: 10/10
  6523 | D:8      | Noticed a two-headed ogre
  6570 | D:8      | Found a basalt altar of Yredelemnul.
  6595 | D:8      | Killed a two-headed ogre
  6595 | D:8      | Reached skill level 10 in Maces & Flails
  6595 | D:8      | Reached skill level 1 in Throwing
  6809 | D:8      | Reached skill level 2 in Throwing
  6974 | D:8      | Noticed Grum
  7259 | D:9      | Noticed Erolcha
  7262 | D:9      | HP: 6/111 [Erolcha/crystal spear (54)]
  7271 | D:9      | HP: 8/111 [bullfrog (3)]
  7273 | D:8      | Slain by a yak

Vault maps used:
D:1:      minmay_arrival_five_plusses, serial_forest,
          infiniplex_forest_lined_ring, infiniplex_forest_corner_1,
          infiniplex_forest_split, infiniplex_forest_clump_diagonal,
          infiniplex_forest_straight_3, infiniplex_forest_lined_corner,
          infiniplex_forest_clump_tiny, serial_bayou_pond_c
D:2:      nicolae_dithmenos_shadow_blocks, kennysheep_jessica_study,
          uniq_crazy_yiuf_cottage
D:4:      marbit_many_paths, first_bread, grunt_decor_one_mirror
D:5:      corexii_shack_village, lemuel_round_altar,
          eat_drink_and_be_merry_uskayaw, serial_bayou, serial_bayou_pond_e,
          serial_bayou_pond_a, serial_bayou_pond_c, serial_bayou_shore_b,
          uniq_edmund, uniq_pikel, uniq_grinder
D:6:      gammafunk_temple_overflow_pools, minmay_temple_entry_mist,
          serial_shops, shop_coins, uniq_menkaure
D:7:      regret_index_temple_of_mockery, grunt_livestock
D:8:      kennysheep_mini_moat, uniq_grum
D:9:      kennysheep_town, uniq_erolcha

Skill      XL: |  1  2  3  4  5  6  7  8  9 10 |
---------------+-------------------------------+-----
Maces & Flails | 3 4 5 6 7 9 10 | 10.1
Dodging        | 3 4 5 7 |  7.4
Fighting       | 5 6 7 8 10 | 10.4
Throwing       | 2 |  2.0

Action                   |  1- 3 |  4- 6 |  7- 9 | 10-12 || total
-------------------------+-------+-------+-------+-------++-------
Melee: Mace              |   106 |   188 |   284 |    57 ||   635
       Giant spiked club |       |       |     4 |       ||     4
Throw: Large rock        |       |       |     9 |     7 ||    16
Invok: Trog's Hand       |     1 |       |     2 |     1 ||     4
       Berserk           |       |       |     1 |       ||     1
       Brothers in Arms  |       |       |       |     1 ||     1
  Use: Scroll            |       |       |    13 |       ||    13
       Potion            |       |       |       |     3 ||     3
 Stab: Sleeping          |     1 |     4 |     6 |     1 ||    12
  Eat: Chunk             |     1 |     7 |    15 |     5 ||    28
       Royal jelly       |       |       |     1 |       ||     1
Armor: Animal skin       |    43 |    53 |    14 |       ||   110
       Robe              |       |       |    68 |    22 ||    90
Dodge: Dodged            |    63 |   116 |   153 |    42 ||   374

Table legend:
 A = Spawn XP
 B = Non-spawn XP
 C = Spawn XP percentage of total XP
 D = Spawn monster count
 E = Non-spawn monster count
 F = Spawn count percentage of total count
 G = Total turns spent on level
                    A         B        C        D         E        F      G
               +---------+---------+-------+---------+---------+-------+---------
         Total |       0 |    6905 |   0.0 |       0 |     180 |   0.0 |  7273
               +---------+---------+-------+---------+---------+-------+---------
           D:1 |       0 |      45 |   0.0 |       0 |      25 |   0.0 |   777
           D:2 |       0 |      88 |   0.0 |       0 |      20 |   0.0 |   862
           D:3 |       0 |      89 |   0.0 |       0 |      26 |   0.0 |   786
           D:4 |       0 |     338 |   0.0 |       0 |      16 |   0.0 |   617
           D:5 |       0 |     684 |   0.0 |       0 |      37 |   0.0 |  1658
           D:6 |       0 |    1196 |   0.0 |       0 |      21 |   0.0 |   601
           D:7 |       0 |    1396 |   0.0 |       0 |      15 |   0.0 |   901
           D:8 |       0 |    3069 |   0.0 |       0 |      20 |   0.0 |  1055
               +---------+---------+-------+---------+---------+-------+---------

Vault maps used:
D:1:      minmay_arrival_five_plusses, serial_forest,
          infiniplex_forest_lined_ring, infiniplex_forest_corner_1,
          infiniplex_forest_split, infiniplex_forest_clump_diagonal,
          infiniplex_forest_straight_3, infiniplex_forest_lined_corner,
          infiniplex_forest_clump_tiny, serial_bayou_pond_c
D:2:      nicolae_dithmenos_shadow_blocks, kennysheep_jessica_study,
          uniq_crazy_yiuf_cottage
D:4:      marbit_many_paths, first_bread, grunt_decor_one_mirror
D:5:      corexii_shack_village, lemuel_round_altar,
          eat_drink_and_be_merry_uskayaw, serial_bayou, serial_bayou_pond_e,
          serial_bayou_pond_a, serial_bayou_pond_c, serial_bayou_shore_b,
          uniq_edmund, uniq_pikel, uniq_grinder
D:6:      gammafunk_temple_overflow_pools, minmay_temple_entry_mist,
          serial_shops, shop_coins, uniq_menkaure
D:7:      regret_index_temple_of_mockery, grunt_livestock
D:8:      kennysheep_mini_moat, uniq_grum
D:9:      kennysheep_town, uniq_erolcha

Table legend:
 A = Turns spent in this place as a percentage of turns spent in the entire game.
 B = Non-inter-level travel turns spent in this place as a percentage of non-inter-level travel turns spent in the entire game.
 C = Inter-level travel turns spent in this place as a percentage of turns spent in this place.
 D = Turns resting spent in this place as a percentage of non-inter-level travel turns spent in this place.
 E = Turns spent auto-exploring this place as a percentage of non-inter-level travel turns spent in this place.
 F = Non-inter-level travel turns spent in this place divided by the number of levels of this place that you've seen.
                   A       B       C       D       E      F
               +-------+-------+-------+-------+-------+----------------------
         Total | 100.0 | 100.0 |   3.5 |  15.4 |  61.3 | 779.4
       Dungeon | 100.0 | 100.0 |   3.5 |  15.4 |  61.3 | 779.4
               +-------+-------+-------+-------+-------+----------------------

Table legend:
 A = Kills in this place as a percentage of kills in entire the game.
 B = Kills by you in this place as a percentage of kills by you in the entire game.
 C = Kills by friends in this place as a percentage of kills by friends in the entire game.
 D = Other kills in this place as a percentage of other kills in the entire game.
 E = Experience gained in this place as a percentage of experience gained in the entire game.
 F = Experience gained in this place divided by the number of levels of this place that you have seen.
                   A       B       C       D       E      F
               +-------+-------+-------+-------+-------+----------------------
         Total | 100.0 | 100.0 |   N/A |   N/A | 100.0 | 767.2
       Dungeon | 100.0 | 100.0 |   N/A |   N/A | 100.0 | 767.2
               +-------+-------+-------+-------+-------+----------------------
